[Event "Bremer Silvester Open-B 2024"]
[Site "Bremen"]
[Date "2024.12.27"]
[Round "1.2"]
[White "Kamps, Manuel"]
[Black "Supplieth, Peter"]
[Result "0-1"]
[ECO "B03"]
[WhiteElo "1684"]
[BlackElo "1890"]
[Annotator "NA RC"]
[PlyCount "146"]
[EventDate "2024.12.16"]
[EventType "swiss"]
[EventCountry "GER"]
[SourceTitle "playchess.com"]
[Source "ChessBase"]
[SourceQuality "1"]
[TimeControl "5400+30"]

1. e4 Nf6 2. e5 Nd5 3. c4 Nb6 4. d4 d6 5. f4 dxe5 6. fxe5 Nc6 {[%emt 0:00:07] 6...Nc6 has lost popularity.} 7. Be3 e6 {[%emt 0:00:05] B03: Alekhine's Defence: Four Pawns Attack.} 8. Nc3 Be7 9. Nf3 O-O 10. Be2 f6 11. exf6 Bxf6 12. O-O e5 13. d5 Ne7 14. Ne4 Nf5 $146 ({Predecessor:} 14... Bf5 15. Nc5 Qc8 16. Ng5 Bxg5 17. Bxg5 Ng6 18. Be3 Nd7 19. g4 Nxc5 20. gxf5 Nf4 21. Bxc5 Qxf5 {1-0 Flores,D (2180)-Nicolas,R Chivilcoy CLP op 1997 (2)}) 15. Bc5 Be7 16. Bxb6 axb6 17. Nxe5 Ne3 18. Rxf8+ Qxf8 19. Qd3 $2 ({White should play} 19. Qb3 $1 $15 Qf4 20. Bf3 Qxe5 21. d6 Bxd6 22. Nxd6) 19... Qf4 20. Nf3 Bf5 21. Nfd2 Bc5 22. Kh1 Re8 23. Bf3 Bb4 $2 (23... Rxe4 $19 {has better winning chances.} 24. Nxe4 Bd6) 24. g3 $2 (24. d6 $17 Bxd2 (24... Bxd6 $2 25. g3 $19) (24... cxd6 25. Qb3 $15) 25. Qxd2 Bxe4 26. Bxe4 Qxe4 27. dxc7 Nxc4 (27... Qxc4 28. Rc1 $11) 28. Qd8) 24... Bxe4 25. Bxe4 Qf2 $19 26. Nf1 Ng4 27. Qf3 Bc5 28. Bxh7+ Kxh7 29. Qxf2 Nxf2+ 30. Kg2 Re2 31. b3 Nd3+ 32. Kf3 Re1 33. Rxe1 Nxe1+ 34. Ke4 Kg6 35. Nd2 Kf7 36. Kf5 Nd3 37. Ne4 g6+ 38. Kg4 Nc1 39. Ng5+ Ke7 40. Ne6 Bd6 41. Kg5 Kf7 42. Nd8+ Kg7 43. Nxb7 Be7+ 44. Kf4 Kf6 45. h4 Nxa2 46. g4 Nc1 47. g5+ Kf7 48. Ke5 Nxb3 49. d6 cxd6+ 50. Nxd6+ Bxd6+ 51. Kxd6 Na5 52. Kd5 Ke7 53. c5 bxc5 54. Kxc5 Nb7+ 55. Kd5 Nd6 56. Ke5 Ne8 57. Kd5 Kf7 58. Ke5 Ng7 59. Kf4 Ke6 60. Kg4 Ke5 61. Kf3 Kf5 62. Kg3 Ke4 63. Kg4 Nh5 64. Kh3 Kf3 65. Kh2 Kg4 66. Kg2 Kxh4 67. Kh2 Kxg5 68. Kh3 Kf4 69. Kg2 Kg4 70. Kh2 Kf3 71. Kh3 g5 72. Kh2 g4 73. Kg1 Kg3 0-1

[Event "Bremer Silvester Open-B 2024"]
[Site "Bremen"]
[Date "2024.12.27"]
[Round "1.3"]
[White "Dianov, Ilja"]
[Black "Klose, Eli"]
[Result "0-1"]
[ECO "B33"]
[WhiteElo "1861"]
[BlackElo "1669"]
[Annotator "NA RC"]
[PlyCount "42"]
[EventDate "2024.12.16"]
[EventType "swiss"]
[EventCountry "GER"]
[SourceTitle "playchess.com"]
[Source "ChessBase"]
[SourceQuality "1"]
[TimeControl "5400+30"]

1. e4 c5 2. Nf3 Nc6 3. d4 cxd4 4. Nxd4 Nf6 5. Nc3 e5 6. Ndb5 d6 7. Bg5 a6 8. Na3 b5 9. Nd5 Be7 10. Bxf6 Bxf6 11. c3 Bg5 12. Be2 O-O 13. O-O Kh8 {[%emt 0:00:11] B33: Sicilian: Pelikan and Sveshnikov Variations.} 14. Nc2 f5 15. exf5 Bxf5 16. Nce3 Be6 17. Bf3 a5 18. a4 Rb8 19. axb5 Rb7 $18 20. b6 Rxb6 21. Nc4 Rb5 0-1

[Event "Bremer Silvester Open-B 2024"]
[Site "Bremen"]
[Date "2024.12.27"]
[Round "1.4"]
[White "Salm, Andreas"]
[Black "Hattenhauer, Klaus"]
[Result "0-1"]
[ECO "B01"]
[WhiteElo "1658"]
[BlackElo "1848"]
[Annotator "NA RC"]
[PlyCount "104"]
[EventDate "2024.12.16"]
[EventType "swiss"]
[EventCountry "GER"]
[SourceTitle "playchess.com"]
[Source "ChessBase"]
[SourceQuality "1"]
[TimeControl "5400+30"]

1. e4 d5 2. exd5 Qxd5 3. Nc3 Qd8 4. d4 Nf6 5. Bb5+ c6 6. Bc4 {[%emt 0:00:43] B01: Scandinavian Defence.} e6 7. Nf3 Bb4 8. Bd2 Nbd7 9. a3 Bd6 10. Bg5 h6 11. Bxf6 Qxf6 12. Ne4 Qe7 13. Nxd6+ Qxd6 14. O-O O-O 15. c3 b5 16. Bb3 Bb7 17. Bc2 Nf6 18. Qd3 a5 19. Ne5 Rfd8 20. f3 c5 21. Ng4 Kf8 22. Nxf6 gxf6 23. Qe3 cxd4 24. cxd4 Qxd4 25. Qxd4 Rxd4 26. Rad1 Rad8 27. Rxd4 Rxd4 28. Rd1 Rxd1+ 29. Bxd1 b4 30. axb4 axb4 31. Kf2 Ke7 32. Ke3 e5 33. Bb3 f5 34. g3 f6 35. Bc2 Bc8 36. Bb3 Be6 37. Bc2 Kd6 $15 38. b3 Kc5 39. Bd1 Bd5 40. Bc2 Bf7 41. Bd1 Bg6 42. f4 Bf7 43. h3 Bd5 44. Bc2 Kd6 45. g4 exf4+ 46. Kxf4 fxg4 47. hxg4 Be6 48. Bd1 Kd5 49. Ke3 Ke5 50. Kd3 Kf4 51. Kd4 Bxg4 52. Kc5 Bxd1 0-1

[Event "Bremer Silvester Open-B 2024"]
[Site "Bremen"]
[Date "2024.12.27"]
[Round "1.5"]
[White "Wildt, Alexander"]
[Black "Kandora, Shirley"]
[Result "1-0"]
[ECO "D15"]
[WhiteElo "1845"]
[BlackElo "1616"]
[Annotator "NA RC"]
[PlyCount "93"]
[EventDate "2024.12.16"]
[EventType "swiss"]
[EventCountry "GER"]
[SourceTitle "playchess.com"]
[Source "ChessBase"]
[SourceQuality "1"]
[TimeControl "5400+30"]

1. d4 d5 2. c4 c6 3. Nc3 Nd7 4. Nf3 Ngf6 5. Bf4 Nb6 6. c5 {[%emt 0:00:36] D15: Slav Defence: 4 Nc3 a6 and gambit lines after 4 Nc3 dxc4.} Nc4 7. b3 Nb2 8. Qc2 Ne4 9. Qxb2 Bf5 10. e3 g6 11. Be2 Bg7 12. h3 O-O 13. g4 Be6 14. Nxe4 dxe4 15. Nd2 Bd5 16. Qc2 f5 17. Nc4 b5 18. Ne5 Qe8 19. g5 e6 20. h4 Qd8 21. O-O-O Qa5 22. h5 Qa3+ 23. Qb2 Qxb2+ 24. Kxb2 gxh5 25. Rxh5 a5 26. a3 a4 27. b4 Bb3 28. Rdh1 Rfc8 29. Rxh7 Kf8 30. Nd7+ Kg8 31. Nb6 (31. Be5 $142 Bxe5 32. Nxe5 Rf8 33. Rh8+ Kg7 34. R1h7#) 31... Re8 32. Nxa8 Rxa8 33. Be5 Ra7 34. Bh5 Rb7 35. Rxg7+ Rxg7 36. Bxg7 Kxg7 37. Be8 Kf8 38. Bxc6 Ke7 39. Bxb5 Kd8 40. Rh7 e5 41. dxe5 Bg8 42. Rh8 Ke7 43. Rxg8 Kf7 44. c6 f4 45. c7 fxe3 46. c8=Q e2 47. Qe8# 1-0

[Event "Bremer Silvester Open-B 2024"]
[Site "Bremen"]
[Date "2024.12.27"]
[Round "1.6"]
[White "Yao, Haiyang"]
[Black "Lattreuter, Alexander"]
[Result "1/2-1/2"]
[ECO "B13"]
[WhiteElo "1602"]
[BlackElo "1841"]
[Annotator "NA RC"]
[PlyCount "77"]
[EventDate "2024.12.16"]
[EventType "swiss"]
[EventCountry "GER"]
[SourceTitle "playchess.com"]
[Source "ChessBase"]
[SourceQuality "1"]
[TimeControl "5400+30"]

1. e4 c6 2. d4 d5 3. exd5 cxd5 4. Nf3 Bg4 5. Be2 Nc6 6. Nc3 e6 7. h3 {[%emt 0:00:00] B13: Caro-Kann: Exchange Variation and Panov-Botvinnik Attack.} Bh5 8. O-O Nf6 9. Bg5 Bd6 10. Re1 O-O 11. Ne5 Bxe2 12. Rxe2 Be7 13. Nxc6 bxc6 14. Qd3 Rb8 15. b3 h6 16. Bf4 Bd6 17. Bxd6 Qxd6 18. Qe3 Rfc8 19. Qe5 Qxe5 20. dxe5 Nd7 21. a3 c5 22. f4 a5 23. Na4 c4 24. Rb1 Nc5 25. Nxc5 Rxc5 26. b4 c3 27. Re3 d4 28. Rd3 Rc4 29. b5 Kf8 30. Kf2 f5 31. Kf3 Ke7 32. g4 Ra4 33. Rbd1 Rxb5 34. Rxd4 Rxa3 35. Rd7+ Kf8 36. Rd8+ Kf7 37. R1d7+ Kg6 38. Rg8 Kh7 39. Rdxg7# 1/2-1/2

[Event "Bremer Silvester Open-B 2024"]
[Site "Bremen"]
[Date "2024.12.27"]
[Round "1.7"]
[White "Ewers, Christian"]
[Black "Kandora, William"]
[Result "1-0"]
[ECO "C23"]
[WhiteElo "1820"]
[BlackElo "1590"]
[Annotator "NA RC"]
[PlyCount "103"]
[EventDate "2024.12.16"]
[EventType "swiss"]
[EventCountry "GER"]
[SourceTitle "playchess.com"]
[Source "ChessBase"]
[SourceQuality "1"]
[TimeControl "5400+30"]

1. e4 e5 2. Bc4 Nc6 3. d3 Bc5 4. Qg4 Qf6 5. Qg3 h6 6. Nc3 {[%emt 0:01:34] C23: Bishop's Opening: 2...Bc5.} Nge7 7. Nge2 O-O 8. a3 Nd4 9. Nxd4 exd4 10. Ne2 Bd6 11. f4 Bc5 12. O-O d6 13. b4 Bb6 14. f5 d5 15. e5 Nxf5 16. exf6 Nxg3 17. Nxg3 dxc4 18. fxg7 Kxg7 19. Nh5+ Kg6 20. g4 cxd3 21. cxd3 Bxg4 22. Rf6+ Kh7 23. Rxh6+ Kg8 24. Nf6+ Kg7 25. Nxg4 Rfe8 26. Bg5 Re6 27. Bf6+ Rxf6 28. Rxf6 Re8 29. Raf1 Re7 30. Nh6 c5 31. Rxf7+ Rxf7 32. Nxf7 cxb4 33. axb4 a5 34. bxa5 Bxa5 35. Nd6 b6 36. Nc4 Bc3 37. Nxb6 Bd2 38. Nc4 Bh6 39. Kg2 Kg6 40. Ne5+ Kg5 41. Nf7+ Kh5 42. Nxh6 Kxh6 43. Rf3 Kg5 44. Kg3 Kg6 45. Rf4 Kg5 46. Rxd4 Kh5 47. Rg4 Kh6 48. Kf4 Kh5 49. Kf5 Kh6 50. Kf6 Kh5 51. h3 Kh6 52. Rh4# 1-0

[Event "Bremer Silvester Open-B 2024"]
[Site "Bremen"]
[Date "2024.12.27"]
[Round "1.8"]
[White "Zastrow, Jan-Christian"]
[Black "Schroeder, Harm"]
[Result "0-1"]
[ECO "C77"]
[WhiteElo "1581"]
[BlackElo "1820"]
[Annotator "NA RC"]
[PlyCount "66"]
[EventDate "2024.12.16"]
[EventType "swiss"]
[EventCountry "GER"]
[SourceTitle "playchess.com"]
[Source "ChessBase"]
[SourceQuality "1"]
[TimeControl "5400+30"]

1. e4 e5 2. Nf3 Nc6 3. Bb5 a6 4. Ba4 Nf6 5. d3 Bc5 6. Bg5 {[%emt 0:01:37] C77: Ruy Lopez: 3...a6 4 Ba4 Nf6, unusual lines.} h6 7. Bh4 d6 8. h3 Bd7 9. Nc3 g5 10. Bg3 Nh5 11. Bh2 Nf4 12. Bxf4 gxf4 13. g4 fxg3 14. fxg3 Nd4 15. Bxd7+ Qxd7 16. Nxd4 Bxd4 17. Qf3 Bxc3+ 18. bxc3 O-O-O 19. g4 Qc6 20. Kd2 Kb8 21. Rhf1 d5 22. Rfe1 d4 23. c4 Qc5 24. Qd1 Rd6 (24... h5 $17 25. g5 Qe7) 25. Qc1 h5 26. g5 Rg6 27. h4 f6 28. gxf6 Rxf6 29. Rf1 Rhf8 30. Rxf6 Rxf6 31. Qg1 Qf8 32. Re1 Rf2+ 33. Re2 Qb4+ 0-1

[Event "Bremer Silvester Open-B 2024"]
[Site "Bremen"]
[Date "2024.12.27"]
[Round "2.1"]
[White "Supplieth, Peter"]
[Black "Beeck, Sebastian"]
[Result "1/2-1/2"]
[ECO "C84"]
[WhiteElo "1890"]
[BlackElo "1753"]
[Annotator "NA RC"]
[PlyCount "111"]
[EventDate "2024.12.16"]
[EventType "swiss"]
[EventCountry "GER"]
[SourceTitle "playchess.com"]
[Source "ChessBase"]
[SourceQuality "1"]
[TimeControl "5400+30"]

1. e4 e5 2. Nf3 Nc6 3. Bb5 a6 4. Ba4 Nf6 5. O-O Be7 6. d3 b5 7. Bb3 d6 8. c3 O-O 9. Be3 {[%emt 0:02:22] C84: Closed Ruy Lopez: Unusual White 6th moves.} Na5 10. Bc2 c5 11. h3 Bb7 12. Nbd2 Nc6 {[%emt 0:08:03] 12...Nc6 has lost popularity.} 13. d4 cxd4 14. cxd4 exd4 15. Nxd4 Nxd4 $146 ({Predecessor:} 15... Re8 16. a4 d5 17. Nxc6 Bxc6 18. e5 d4 19. exf6 dxe3 20. fxe7 Qxd2 21. Qxd2 exd2 22. Rfd1 Rxe7 23. Rxd2 bxa4 24. Bxa4 Bxa4 25. Rxa4 g6 26. g3 {½-½ Lieske,G-Lange,S DESC Liga 2016th Gr.A email}) 16. Bxd4 d5 17. e5 Ne4 18. Re1 Ng5 19. Nf3 Ne6 20. Qd3 g6 21. Be3 Rc8 22. Rac1 Re8 23. Red1 Bf8 24. Bb3 Rxc1 25. Rxc1 Bg7 26. Rd1 Qc7 27. Rc1 Qd7 28. Bd2 d4 29. Bxe6 Qxe6 30. Bf4 Qxa2 31. Qxd4 Bxf3 32. gxf3 Qe6 33. Rc5 Qxh3 34. Qd5 Qf5 35. Bg3 Qb1+ 36. Kg2 Qxb2 37. Qc6 Re6 38. Qc8+ Bf8 39. Bf4 g5 40. Bxg5 Rg6 41. e6 fxe6 42. Qe8 Qg7 43. f4 h6 44. Rc7 Rxg5+ 45. fxg5 Qxc7 46. gxh6 Qe7 47. Qg6+ Bg7 48. Kf1 Kh8 49. hxg7+ Qxg7 50. Qxe6 Qa1+ 51. Ke2 b4 52. Qe8+ Kg7 53. Qe7+ Kg6 54. Qxb4 Qe5+ 55. Kd3 $11 Qb5+ 56. Ke4 1/2-1/2

[Event "Bremer Silvester Open-B 2024"]
[Site "Bremen"]
[Date "2024.12.27"]
[Round "2.2"]
[White "Hattenhauer, Klaus"]
[Black "Haas, Vanessa"]
[Result "1-0"]
[ECO "D02"]
[WhiteElo "1848"]
[BlackElo "1750"]
[Annotator "NA"]
[PlyCount "116"]
[EventDate "2024.12.16"]
[EventType "swiss"]
[EventCountry "GER"]
[SourceTitle "playchess.com"]
[Source "ChessBase"]
[SourceQuality "1"]
[TimeControl "5400+30"]

1. d4 d5 2. Bf4 e6 3. Nf3 c5 4. e3 Nf6 5. c3 c4 6. Nbd2 {[%emt 0:01:25] D02: 1 d4 d5 2 Nf3 sidelines, including 2...Nf6 3 g3 and 2...Nf6 3 Bf4.} Bd6 7. Bg3 b5 8. a3 O-O 9. Be2 Nc6 10. Ne5 Qc7 11. Nxc6 Qxc6 12. O-O Bxg3 13. hxg3 Re8 14. Qc2 e5 15. dxe5 Rxe5 16. Nf3 Re7 17. Nd4 Qb6 18. a4 bxa4 19. Rxa4 Bd7 20. Ra2 Bg4 21. Rfa1 Rb7 22. Bxg4 Nxg4 23. Qf5 Nf6 24. Nc2 Qe6 25. Qf4 Nd7 26. Nb4 Nb6 27. Qd4 h6 28. Na6 Nd7 29. Nb4 Nb6 30. Ra6 Qe4 31. Qd2 Qe6 32. R1a5 Qe4 33. Rb5 Qe8 34. Rba5 Qe4 35. Qc2 Qxc2 36. Nxc2 Nd7 37. Nb4 Nf6 38. Ra2 Kf8 39. Nc6 Nd7 40. Rxa7 Raxa7 41. Nxa7 Ke7 42. Nc6+ Kd6 43. Nb4 Nc5 44. Kf1 f6 45. Ke1 Ke5 46. f3 Kd6 47. Ra8 Nd3+ 48. Nxd3 cxd3 49. Ra2 Kc5 50. Kd2 Kc4 51. Ra4+ Kc5 52. Rb4 Rxb4 53. cxb4+ Kxb4 54. Kxd3 Kb3 55. Kd4 Kxb2 56. Kxd5 Kc3 57. e4 Kd3 58. f4 Kd2 1-0

[Event "Bremer Silvester Open-B 2024"]
[Site "Bremen"]
[Date "2024.12.27"]
[Round "2.3"]
[White "Weinitschke, Harald"]
[Black "Wildt, Alexander"]
[Result "0-1"]
[ECO "D11"]
[WhiteElo "1749"]
[BlackElo "1845"]
[Annotator "NA RC"]
[PlyCount "98"]
[EventDate "2024.12.16"]
[EventType "swiss"]
[EventCountry "GER"]
[SourceTitle "playchess.com"]
[Source "ChessBase"]
[SourceQuality "1"]
[TimeControl "5400+30"]

1. Nf3 d5 2. d4 Nf6 3. c4 c6 4. g3 Bf5 5. e3 e6 6. cxd5 cxd5 7. Nc3 Nc6 8. a3 Bd6 9. Bd3 Bh3 10. Ng5 Bg4 11. Be2 Bxe2 12. Qxe2 O-O 13. O-O Rc8 14. Bd2 a6 15. Rac1 Na5 16. Qd1 Nc4 17. Rc2 b5 18. e4 h6 19. e5 hxg5 20. exd6 Qxd6 21. Bxg5 Ne4 22. Nxe4 dxe4 23. Be3 Rc6 24. Qe2 Rfc8 25. Rfc1 Nb6 26. Rc5 Nd7 27. Rxc6 Rxc6 28. Qd2 Nb6 29. Rxc6 Qxc6 30. Qc3 Qxc3 31. bxc3 Nc4 32. Bc1 Kf8 33. f4 Ke7 34. Kf2 Kd6 35. Ke2 Kd5 36. g4 a5 37. h4 Nd6 38. h5 Kc4 39. Kd2 f6 40. Kc2 a4 41. g5 Nf5 42. Bd2 Kd5 43. Kd1 e3 44. Bc1 Ke4 45. Ke2 Ng3+ 46. Ke1 Nxh5 47. gxf6 gxf6 48. Kf1 Nxf4 49. Ke1 Nd3+ 0-1

[Event "Bremer Silvester Open-B 2024"]
[Site "Bremen"]
[Date "2024.12.27"]
[Round "2.5"]
[White "Schroeder, Harm"]
[Black "Jablonski, Ture"]
[Result "0-1"]
[ECO "C42"]
[WhiteElo "1820"]
[BlackElo "1718"]
[Annotator "NA RC"]
[PlyCount "90"]
[EventDate "2024.12.16"]
[EventType "swiss"]
[EventCountry "GER"]
[SourceTitle "playchess.com"]
[Source "ChessBase"]
[SourceQuality "1"]
[TimeControl "5400+30"]

1. e4 e5 2. Nf3 Nf6 3. Nxe5 d6 4. Nf3 Nxe4 5. d4 d5 6. Bd3 Bd6 7. O-O O-O 8. Nbd2 Bf5 9. Nb3 Nd7 10. Be3 Re8 11. c3 Bg6 12. Qc2 c6 13. Rfe1 Qc7 14. Nbd2 Ndf6 15. Nf1 Ng4 16. h3 Nxe3 17. Rxe3 Re7 18. Nh4 Rae8 19. Nxg6 hxg6 20. Bxe4 Rxe4 21. Rae1 R4e7 22. Qd3 Kf8 23. b3 Bf4 24. Rxe7 Rxe7 25. Rxe7 Qxe7 26. g3 Bh6 27. a4 Qe4 28. Qd1 Ke7 29. f3 Qf5 30. Kg2 Kd6 31. c4 b6 32. Qe2 Qe6 33. Qxe6+ fxe6 34. f4 g5 35. Kf3 gxf4 36. gxf4 c5 37. Ne3 cxd4 38. Ng4 dxc4 39. bxc4 Kc5 40. Ne5 Kb4 41. Ke4 Kxa4 42. Ng4 Kb3 43. Nxh6 gxh6 44. Kxd4 a5 45. Ke5 a4 0-1

[Event "Bremer Silvester Open-B 2024"]
[Site "Bremen"]
[Date "2024.12.27"]
[Round "2.6"]
[White "Tresper, Philipp"]
[Black "Klose, Eli"]
[Result "0-1"]
[ECO "B22"]
[WhiteElo "1807"]
[BlackElo "1669"]
[Annotator "NA RC"]
[PlyCount "128"]
[EventDate "2024.12.16"]
[EventType "swiss"]
[EventCountry "GER"]
[SourceTitle "playchess.com"]
[Source "ChessBase"]
[SourceQuality "1"]
[TimeControl "5400+30"]

1. e4 c5 2. c3 Nf6 3. e5 Nd5 4. d4 cxd4 5. Nf3 Nc6 6. Bc4 Nb6 7. Bb3 d5 8. cxd4 h6 9. Nc3 Bf5 10. a3 a6 11. Be3 Na5 12. O-O Nxb3 13. Qxb3 e6 14. a4 Rb8 15. a5 Nc4 16. Qa4+ Qd7 17. Qxd7+ Kxd7 18. b3 Nxa5 19. Rxa5 Bb4 20. Rxd5+ exd5 21. Nxd5 Ba5 22. b4 Be6 23. Nf6+ gxf6 24. bxa5 Bd5 25. exf6 Bxf3 26. gxf3 Rhg8+ 27. Kh1 b5 28. d5 Rg6 29. Bf4 Rc8 30. Be5 Rc5 31. Rd1 b4 32. f4 b3 33. h4 Rg4 34. Kh2 Rc2 35. Kh3 h5 36. Rb1 b2 37. Rxb2 Rxb2 38. Bxb2 Rxf4 39. Kg3 Rg4+ 40. Kh3 Kd6 41. Bc1 Kxd5 42. f3 Rg1 43. Be3 Rg6 44. Bg5 Kc5 45. Kg3 Kb5 46. Kf4 Kc6 47. Kf5 Kd5 48. Bf4 Rg1 49. Bc7 Rg2 50. Bb6 Rg3 51. f4 Rg2 52. Bc7 Rg4 53. Be5 Rxh4 54. Kg5 Rh1 55. Kh6 Ke6 56. Kg5 h4 57. Bc7 h3 58. f5+ Kd7 59. Bf4 Rf1 60. Bb8 Rf2 61. Kh6 Rg2 62. Kh7 h2 63. Bxh2 Rxh2+ 64. Kg7 Ke8 0-1

[Event "Bremer Silvester Open-B 2024"]
[Site "Bremen"]
[Date "2024.12.27"]
[Round "2.8"]
[White "Salim, Florian"]
[Black "Pass, Marlon"]
[Result "0-1"]
[ECO "B17"]
[WhiteElo "1579"]
[BlackElo "1796"]
[Annotator "NA RC"]
[PlyCount "60"]
[EventDate "2024.12.16"]
[EventType "swiss"]
[EventCountry "GER"]
[SourceTitle "playchess.com"]
[Source "ChessBase"]
[SourceQuality "1"]
[TimeControl "5400+30"]

1. e4 c6 2. d4 d5 3. Nc3 dxe4 4. Nxe4 Nd7 5. Nf3 Ngf6 6. Nxf6+ Nxf6 7. Bd3 Bg4 8. c3 Qd5 9. Be2 e6 10. Ne5 Qxg2 11. Bf3 Qxh1+ 12. Bxh1 Bxd1 13. Kxd1 Nd7 14. Nc4 O-O-O 15. Bf4 f6 16. Kc2 Nb6 17. Nxb6+ axb6 18. Re1 Kd7 19. Bf3 h5 20. h4 Ra8 21. a3 Ra5 22. Rg1 Rf5 23. Bxc6+ bxc6 24. Be3 Rf3 25. Rh1 Rg8 26. Kd2 Bd6 27. Ke2 Rf5 28. Rg1 Bf4 29. Bxf4 Rxf4 30. Ke3 Rxh4 0-1

[Event "Bremer Silvester Open-B 2024"]
[Site "Bremen"]
[Date "2024.12.28"]
[Round "3.1"]
[White "Jablonski, Ture"]
[Black "Hattenhauer, Klaus"]
[Result "1/2-1/2"]
[ECO "D02"]
[WhiteElo "1718"]
[BlackElo "1848"]
[Annotator "NA RC"]
[PlyCount "62"]
[EventDate "2024.12.16"]
[EventType "swiss"]
[EventCountry "GER"]
[SourceTitle "playchess.com"]
[Source "ChessBase"]
[SourceQuality "1"]
[TimeControl "5400+30"]

1. d4 d5 2. Nf3 Nf6 3. Bf4 e6 4. e3 c5 5. Be2 Bd6 6. Bxd6 Qxd6 7. dxc5 Qxc5 8. c4 O-O 9. O-O Nc6 10. Nbd2 b6 11. Nb3 Qe7 12. cxd5 Nxd5 13. Rc1 Bb7 14. Nfd4 Ne5 15. Nd2 Rfc8 16. N4f3 Ng6 17. Qb3 h6 18. Ne4 Ndf4 19. exf4 Bxe4 20. Qe3 Qb7 21. a3 Bd5 22. g3 Rxc1 23. Rxc1 Rc8 24. Rxc8+ Qxc8 25. Nd4 Qd7 26. Bf3 Bxf3 27. Nxf3 Qd1+ 28. Kg2 Qc2 29. Qd2 Qc6 30. Qd8+ Kh7 31. Qd3 Kg8 1/2-1/2

[Event "Bremer Silvester Open-B 2024"]
[Site "Bremen"]
[Date "2024.12.28"]
[Round "3.2"]
[White "Klose, Eli"]
[Black "Wildt, Alexander"]
[Result "0-1"]
[ECO "D12"]
[WhiteElo "1669"]
[BlackElo "1845"]
[Annotator "NA RC"]
[PlyCount "82"]
[EventDate "2024.12.16"]
[EventType "swiss"]
[EventCountry "GER"]
[SourceTitle "playchess.com"]
[Source "ChessBase"]
[SourceQuality "1"]
[TimeControl "5400+30"]

1. d4 d5 2. Nf3 Nf6 3. c4 c6 4. Nc3 Bf5 5. e3 e6 6. Be2 Bd6 7. Nh4 Be4 8. f3 Bg6 9. Nxg6 hxg6 10. f4 Nh5 11. Bxh5 Rxh5 12. Qe2 Nd7 13. cxd5 exd5 14. e4 dxe4 15. Nxe4 Be7 16. g4 Rd5 17. Bd2 Rxd4 18. Bc3 Rd5 19. Bxg7 Qa5+ 20. Bc3 Qc7 21. Bf6 Qxf4 22. Rf1 Qc7 23. Nc3 Nxf6 24. Nxd5 Nxd5 25. O-O-O O-O-O 26. Kb1 Rf8 27. Rxf7 Rxf7 28. Qe6+ Qd7 29. Qxf7 Nc3+ 30. bxc3 Qxd1+ 31. Kb2 Qd2+ 32. Kb1 Qd6 33. Qf2 Bf6 34. Qc2 g5 35. Qf5+ Kb8 36. Qf3 Be5 37. h3 Bf4 38. Qe2 Qe5 39. Qd1 Qd5 40. Qe1 Qd3+ 41. Kb2 Qd2+ 0-1

[Event "Bremer Silvester Open-B 2024"]
[Site "Bremen"]
[Date "2024.12.28"]
[Round "3.4"]
[White "Van Gaalen, Jakob"]
[Black "Supplieth, Peter"]
[Result "0-1"]
[ECO "B03"]
[WhiteElo "1713"]
[BlackElo "1890"]
[Annotator "NA RC"]
[PlyCount "108"]
[EventDate "2024.12.16"]
[EventType "swiss"]
[EventCountry "GER"]
[SourceTitle "playchess.com"]
[Source "ChessBase"]
[SourceQuality "1"]
[TimeControl "5400+30"]

1. e4 Nf6 2. e5 Nd5 3. d4 d6 4. c4 Nb6 5. f4 dxe5 6. fxe5 Nc6 7. Be3 Bf5 8. Nc3 e6 9. Nf3 Be7 10. Be2 O-O 11. O-O f6 12. exf6 Bxf6 13. Qd2 Qe8 14. Rad1 Rd8 15. Qc1 a6 16. Kh1 Kh8 17. b3 Qg6 18. Rd2 h6 19. Qe1 Qe8 20. Qg3 Qe7 21. Nd1 Bh7 22. Nf2 e5 23. d5 Nd4 24. Nxd4 exd4 25. Bf4 Bh4 26. Qg4 Bxf2 27. Rxf2 d3 28. Bf1 Nd7 29. Kg1 Nf6 30. Qh4 g5 31. Bxg5 hxg5 32. Qxg5 Nxd5 33. Rxf8+ Rxf8 34. Qxe7 Nxe7 35. g3 Nc6 36. Bg2 Rf6 37. h4 b6 38. Kh2 Ne5 39. Kh3 Bf5+ 40. Kh2 Bg4 41. Kg1 Rf3 42. Bxf3 Nxf3+ 43. Kf2 Nxd2 44. Ke3 Ne4 45. Kxd3 Nxg3 46. b4 Kg7 47. Kd4 Kf6 48. Kd5 Bf3+ 49. Kd4 Nf5+ 50. Kc3 Nxh4 51. a4 Ke5 52. b5 a5 53. c5 Kd5 54. cxb6 cxb6 0-1

[Event "Bremer Silvester Open-B 2024"]
[Site "Bremen"]
[Date "2024.12.28"]
[Round "3.5"]
[White "Lattreuter, Alexander"]
[Black "Horstmann, Joerg"]
[Result "1-0"]
[ECO "D02"]
[WhiteElo "1841"]
[BlackElo "1710"]
[Annotator "NA RC"]
[PlyCount "63"]
[EventDate "2024.12.16"]
[EventType "swiss"]
[EventCountry "GER"]
[SourceTitle "playchess.com"]
[Source "ChessBase"]
[SourceQuality "1"]
[TimeControl "5400+30"]

1. d4 d5 2. Bf4 Nf6 3. Nf3 c6 4. c3 e6 5. e3 Bd6 6. Bg3 b6 7. Nbd2 Bb7 8. Bd3 Qe7 9. e4 dxe4 10. Nxe4 Bxg3 11. hxg3 Nbd7 12. Qc2 h5 13. O-O-O Nxe4 14. Bxe4 Nf6 15. Rhe1 Nxe4 16. Qxe4 O-O-O 17. Ne5 Qc7 18. Qf4 Rhf8 19. f3 Rd5 20. g4 hxg4 21. Qxg4 g6 22. Kb1 Kb8 23. Qf4 c5 24. Nxg6 Qxf4 25. Nxf4 Rf5 26. Nd3 cxd4 27. cxd4 Rd8 28. Ne5 Rf4 29. Kc2 Rc8+ 30. Kd3 Bd5 31. Ke3 Rf6 32. Nd7+ 1-0

[Event "Bremer Silvester Open-B 2024"]
[Site "Bremen"]
[Date "2024.12.28"]
[Round "3.6"]
[White "Ewers, Christian"]
[Black "Nafati, Meryem"]
[Result "1-0"]
[ECO "C23"]
[WhiteElo "1820"]
[BlackElo "1541"]
[Annotator "NA RC"]
[PlyCount "63"]
[EventDate "2024.12.16"]
[EventType "swiss"]
[EventCountry "GER"]
[SourceTitle "playchess.com"]
[Source "ChessBase"]
[SourceQuality "1"]
[TimeControl "5400+30"]

1. e4 e5 2. Bc4 Bc5 3. Qg4 Qf6 4. Qg3 Ne7 5. d3 Ng6 6. Ne2 O-O 7. Nbc3 c6 8. O-O b5 9. Bb3 h6 10. Kh1 a5 11. a3 a4 12. Ba2 d6 13. f4 Be6 14. f5 Bxa2 15. Nxa2 Nd7 16. Bxh6 gxh6 17. fxg6 Qxg6 18. Qh3 Ra7 19. Rf3 Qe6 20. Rf5 Kh7 21. Nb4 Bxb4 22. axb4 Rg8 23. Raf1 f6 24. Qe3 Raa8 25. Ng3 Rg5 26. h4 Rg4 27. Rh5 Rf4 28. Rxf4 exf4 29. Qxf4 f5 30. Nxf5 Rf8 31. Rxh6+ Qxh6 32. Qxh6+ 1-0

[Event "Bremer Silvester Open-B 2024"]
[Site "Bremen"]
[Date "2024.12.28"]
[Round "3.7"]
[White "Beeck, Sebastian"]
[Black "Tal, Alexander"]
[Result "1-0"]
[ECO "B90"]
[WhiteElo "1753"]
[BlackElo "1793"]
[Annotator "NA RC"]
[PlyCount "73"]
[EventDate "2024.12.16"]
[EventType "swiss"]
[EventCountry "GER"]
[SourceTitle "playchess.com"]
[Source "ChessBase"]
[SourceQuality "1"]
[TimeControl "5400+30"]

1. e4 c5 2. Nf3 d6 3. d4 cxd4 4. Nxd4 Nf6 5. Nc3 a6 6. Be3 e5 7. Nf3 Be7 8. Bc4 O-O 9. O-O Bg4 10. h3 Bh5 11. a4 Nbd7 12. a5 Qc7 13. Bb3 b5 14. axb6 Nxb6 15. Bxb6 Qxb6 16. Nd5 Nxd5 17. Bxd5 Ra7 18. g4 Bg6 19. Qd3 Rc8 20. b3 Qc5 21. Ra2 a5 22. Nd2 Kf8 23. Nc4 f6 24. Rfa1 Bd8 25. Qd2 Ke7 26. b4 Qb5 27. Nxa5 Bxa5 28. Rxa5 Rxa5 29. Rxa5 Qb6 30. c4 Bf7 31. c5 dxc5 32. Bxf7 cxb4 33. Qa2 Qd4 34. Qe6+ Kf8 35. Qxc8+ Kxf7 36. Qb7+ Kg6 37. Ra7 1-0